 Dungeon Crawl Stone Soup version 0.31-a0-1206-g41278d8d1d (webtiles) character file.

Game seed: 11389298492067531658

11 ytrimaz the Shield-Bearer (level 2, 0/24 HPs)
             Began as a Formicid Fighter on Dec 13, 2023.
             Slain by an endoplasm (3 damage)
             ... on level 1 of the Dungeon.
             The game lasted 00:00:10 (61 turns).

ytrimaz the Shield-Bearer (Formicid Fighter)          Turns: 61, Time: 00:00:11

Health: 0/24       AC:  6    Str: 20    XL:     2   Next: 40%
Magic:  2/2        EV:  9    Int:  7    God:
Gold:   0          SH:  5    Dex: 13    Spells: 1/1 levels left

rFire   . . .        a - +0 war axe
rCold   . . .        c - +0 buckler
rNeg    . . .        b - +0 scale mail
rPois   .            (helmet unavailable)
rElec   .            (no cloak)
rCorr   .            (no gloves)
SInv    +            (no boots)
Will    .....        (no amulet) Stlth
                     (no ring)
HPRegen 0.24/turn    (no ring)
MPRegen 0.08/turn

%: no passive effects
@: no status effects
A: permanent stasis, dig shafts and tunnels, antennae 3, four strong arms
a: Dig, Shaft Self


You were on level 1 of the Dungeon.
You visited 1 branch of the dungeon, and saw 1 of its levels.


Innate Abilities, Weirdness & Mutations

You cannot be hasted, slowed, berserked, paralysed or teleported.
You can dig through walls and to a lower floor.
You have a pair of large antennae on your head. (SInv)
Your four strong arms can wield two-handed weapons with a shield.


   Skills:
 - Level 3.2 Fighting
 + Level 2.6 Axes
 - Level 3.2 Armour
 + Level 4.3 Shields


You had one spell level left.
You didn't know any spells.
Your spell library was empty.

Inventory:

Hand Weapons
 a - a +0 war axe (weapon)
Armour
 b - a +0 scale mail (worn)
 c - a +0 buckler (worn)
Potions
 d - a potion of might

Dungeon Overview and Level Annotations

Branches:
Dungeon (1/15) Zot: 5932

Altars:

#........# #........#
#........# #........#
###........#
#..........######
####†...............
###....#......)K..#####
##......######.†@J......
#..#.#### #..........
.......### #..........
####.#...# #..........
###'''### #.....(....
##.......########.....
#.........# .....
#.........# .....
##....#..##


You could see an endoplasm and a kobold.


Message History

😮 HP[-4]
You take 4 damage, and now have 13/18 hp.
MASSIVE DAMAGE!! (PAUSE)
You are too injured to fight recklessly!
You are too injured to fight recklessly!
You block the dart slug's attack.
Unknown command.
You are too injured to fight recklessly!
You slash the dart slug!
You kill the dart slug!
You are too injured to fight recklessly!
You are too injured to fight recklessly!
Unknown command.
You see here a dart slug corpse. 😕 HP[+1]
A giant cockroach comes into view. 😎 HP[+4]
Your hp is fully restored (18).
A giant cockroach is nearby!
A giant cockroach is nearby!
A rat comes into view.
The rat squeaks loudly.
An endoplasm comes into view.
There are monsters nearby!
A goblin comes into view. It is wielding a +0 dagger.
The goblin shouts!
You hear a shout!
The giant cockroach bites you but does no damage.
You slash the giant cockroach!
You kill the giant cockroach!
You block the rat's attack.
You closely miss the rat. You hit the endoplasm but do no damage.
A dart slug comes into view.
A hobgoblin comes into view.
The rat barely misses you.
The endoplasm hits you but does no damage.
You slash the rat!
You kill the rat!
You hit the endoplasm. The endoplasm barely misses you.
The endoplasm freezes you.
You are frozen.
The goblin hits you with a +0 dagger.
A kobold comes into view. It is wielding a +0 dagger.
You have reached level 2! 😮 MP[+1]
You now have 24 max hp (+6).
Your mp is fully restored (2).
The kobold shouts!
You hit the goblin. You barely miss the endoplasm.
The goblin closely misses you. The endoplasm freezes you.
You are frozen. 😮 HP[-5]
You take 5 damage, and now have 13/24 hp.
MASSIVE DAMAGE!! (PAUSE)
You barely miss the endoplasm. You hit the goblin but do no damage.
The goblin hits you but does no damage. The endoplasm freezes you.
You are frozen.
* * * LOW HITPOINT WARNING * * *
The endoplasm freezes you.
You are frozen.
* * * LOW HITPOINT WARNING * * *
The goblin closely misses you. 😨 HP[-6]
You take 6 damage, and now have 7/24 hp.
MASSIVE DAMAGE!! (PAUSE)
You hit the endoplasm. You slash the goblin!
You kill the goblin!
The endoplasm hits you but does no damage. 😨 HP[+1]
You are too injured to fight recklessly!
You slash the endoplasm!
You kill the endoplasm!
An endoplasm comes into view.
You are too injured to fight recklessly!
Unknown command.
The endoplasm quivers.
The hobgoblin completely misses you. The kobold misses you.
You are too injured to fight recklessly!
The kobold hits you but does no damage. The dart slug launches a dart at you.
The slug dart hits you.
* * * LOW HITPOINT WARNING * * *
The hobgoblin barely misses you. 😨 HP[-1]
You take 1 damage, and now have 7/24 hp.
Unknown command.
You closely miss the kobold. You hit the dart slug. You hit the hobgoblin.
The kobold barely misses you. The dart slug closely misses you.
The hobgoblin closely misses you. The kobold closely misses you.
Unknown command.
You hit the kobold. You hit the endoplasm but do no damage.
You slash the dart slug!
You kill the dart slug!
You hit the hobgoblin. The hobgoblin closely misses you.
The endoplasm freezes you.
You are frozen.
* * * LOW HITPOINT WARNING * * *
The kobold closely misses you.
You barely miss the endoplasm. You slash the hobgoblin!
You kill the hobgoblin!
You hit the kobold but do no damage. The endoplasm hits you.
You die...

Action                     || total
---------------------------++-------
  Melee: War axe           ||    12
 Armour: Scale mail        ||    10
  Dodge: Dodged            ||    13
  Block: Buckler           ||     2

Levels and vault maps discovered:
D:1:      shiori_arrival_elements, layout_basic

Notes
Turn   | Place    | Note
-------+----------+-------------------------------------------
     0 | D:1      | ytrimaz the Formicid Fighter began the quest for the Orb.
     0 | D:1      | Reached XP level 1. HP: 18/18 MP: 1/1
     0 | D:1      | magus.rc [v1.9.6]
    53 | D:1      | Reached XP level 2. HP: 18/24 MP: 2/2
    60 | D:1      | HP: 2/24 [frozen (5)]
    61 | D:1      | Slain by an endoplasm

Vanquished Creatures
  2 dart slugs (D:1)
  2 endoplasms (D:1)
  A giant cockroach (D:1)
  A goblin (D:1)
  A hobgoblin (D:1)
  A rat (D:1)
8 creatures vanquished.

Table legend:
 A = Non-vault XP
 B = Vault XP
 C = Vault XP percentage of total XP
 D = Non-vault monster count
 E = Vault monster count
 F = Vault count percentage of total count
                 A         B        C        D         E       F
            +---------+---------+-------+---------+---------+-------
      Total |      19 |       0 |   0.0 |       8 |       0 |   0.0
            +---------+---------+-------+---------+---------+-------
        D:1 |      19 |       0 |   0.0 |       8 |       0 |   0.0
            +---------+---------+-------+---------+---------+-------

Action                     || total
---------------------------++-------
  Melee: War axe           ||    12
 Armour: Scale mail        ||    10
  Dodge: Dodged            ||    13
  Block: Buckler           ||     2

Illustrated notes

Table legend:
 A = Kills in this place as a percentage of kills in the entire game.
 B = Kills by you in this place as a percentage of kills by you in the entire game.
 C = Kills by friends in this place as a percentage of kills by friends in the entire game.
 D = Other kills in this place as a percentage of other kills in the entire game.
 E = Experience gained in this place as a percentage of experience gained in the entire game.
 F = Experience gained in this place divided by the number of levels of this place that you have seen.
                   A       B       C       D       E      F
               +-------+-------+-------+-------+-------+----------------------
         Total | 100.0 | 100.0 |   N/A |   N/A | 100.0 |  19.0
       Dungeon | 100.0 | 100.0 |   N/A |   N/A | 100.0 |  19.0
               +-------+-------+-------+-------+-------+----------------------

Table legend: (Time is in decaauts)
 A = Elapsed time spent in this place.
 B = Non-inter-level travel time spent in this place.
 C = Inter-level travel time spent in this place.
 D = Time resting spent in this place.
 E = Time spent auto-exploring this place.
 F = Levels seen in this place.
 G = Mean time per level.
                   A        B        C        D        E       F      G
               +--------+--------+--------+--------+--------+-----+--------+
         Total |     65 |     65 |      0 |      0 |     37 |   1 |   65.0 |
       Dungeon |     65 |     65 |      0 |      0 |     37 |   1 |   65.0 |
               +--------+--------+--------+--------+--------+-----+--------+

Top non-repeatable levels by time:
     D:1: 65 daAuts
